 Dungeon Crawl Stone Soup version 0.28.0 (webtiles) character file.

Game seed: 14664306161505417260

356 unlimited1921 the Chopper (level 6, -6/53 HPs)
             Began as a Gnoll Cinder Acolyte on Feb 5, 2022.
             Was a Follower of Ignis.
             Shot with an arrow by a centaur (11 damage)
             ... on level 4 of the Dungeon.
             The game lasted 00:16:46 (2574 turns).

unlimited1921 the Chopper (Gnoll Cinder Acolyte)    Turns: 2574, Time: 00:16:47

Health: -6/53      AC:  5    Str: 13    XL:     6   Next: 63%
Magic:  11/11      EV: 11    Int: 13    God:    Ignis [*.....]
Gold:   109        SH:  0    Dex: 10    Spells: 9/12 levels left

rFire   + . .      SeeInvis .   a - -1 hand axe (flame)
rCold   . . .      Faith    .   (no shield)
rNeg    . . .      Spirit   .   g - +0 leather armour
rPois   .          Reflect  .   (no helmet)
rElec   .          Harm     .   h - +0 cloak
rCorr   .          Rampage  .   s - +0 pair of gloves
Will    .....                   (no boots)
Stlth   ++........              (no amulet)
HPRegen 0.17/turn               (no ring)
MPRegen 0.12/turn               (no ring)

@: no status effects
A: fangs 1, strong nose, distributed training
a: Renounce Religion, Fiery Armour, Foxfire Swarm, Rising Flame


You were on level 4 of the Dungeon.
You worshipped Ignis.
Ignis was aware of your devotion.
You visited 1 branch of the dungeon, and saw 4 of its levels.

You collected 109 gold pieces.

Inventory:

Hand Weapons
 a - a -1 hand axe of flaming (weapon)
 d - a +0 short sword
 m - a +0 mace
 p - a +0 war axe
 q - a +0 hunting sling
 w - a +0 falchion
 z - a +0 long sword
 A - a +1 dagger of freezing
 C - a +0 morningstar
Missiles
 e - 17 bolts
 f - 150 stones
 n - 18 arrows
 o - 6 javelins
 r - 4 silver javelins
 B - 3 boomerangs (quivered)
Armour
 b - a +0 robe
 g - a +0 leather armour (worn)
 h - a +0 cloak (worn)
 s - a +0 pair of gloves (worn)
 u - a +0 chain mail
 x - a +0 ring mail
 F - a +0 buckler
Wands
 E - a wand of iceblast (5)
Scrolls
 i - 3 scrolls of identify {unknown}
 k - a scroll of noise {unknown}
 l - a scroll of enchant armour {unknown}
 v - a scroll of fear {unknown}
 y - a scroll of teleportation {unknown}
Potions
 c - a potion of lignification {unknown}
 j - a potion of degeneration {unknown}
 t - a potion of curing {unknown}
 D - a potion of might {unknown}


   Skills:
 + Level 6.8 Fighting
 + Level 2.0 Short Blades
 + Level 2.0 Long Blades
 + Level 6.8 Axes
 + Level 2.0 Maces & Flails
 + Level 2.0 Polearms
 + Level 2.0 Staves
 + Level 2.0 Slings
 + Level 2.0 Bows
 + Level 2.0 Crossbows
 + Level 2.0 Throwing
 + Level 2.0 Armour
 + Level 2.0 Dodging
 + Level 2.0 Stealth
 + Level 2.0 Shields
 + Level 2.0 Unarmed Combat
 + Level 3.5 Spellcasting
 + Level 1.6 Conjurations
 + Level 1.6 Hexes
 + Level 1.6 Summonings
 + Level 1.6 Necromancy
 + Level 1.6 Translocations
 + Level 1.6 Transmutations
 + Level 5.7 Fire Magic
 + Level 1.6 Ice Magic
 + Level 1.6 Air Magic
 + Level 1.6 Earth Magic
 + Level 1.6 Poison Magic
 + Level 2.2 Invocations
 + Level 2.0 Evocations


You had 9 spell levels left.
You knew the following spells:

 Your Spells              Type           Power      Damage    Failure   Level
a - Scorch                Fire           34%        2d6       4%          2
b - Freeze                Ice            24%        1d5       14%         1

Your spell library contained the following spells:

 Spells                   Type           Power      Damage    Failure   Level
 Frozen Ramparts          Ice            12%        1d3       38%         3
 Hailstorm                Conj/Ice       6%         3d4       80%         4


Dungeon Overview and Level Annotations

Branches:
Dungeon (4/15)
 Temple: D:4-7

Altars:

Annotations:
D:3 2 transporters, dolemite99's ghost, amateur GnEE


Innate Abilities, Weirdness & Mutations

You have very sharp teeth.
Your uncanny sense of smell can sniff out nearby items.
Your experience applies equally to all skills.


Message History

a +0 dagger; a +0 ring mail; the goblin corpse of Ijyb
There is an open door here.
Things that are here:
a +0 robe; a +0 buckler
F - a +0 buckler Partly explored, unvisited transporter.
Partly explored, unvisited transporter.
Partly explored, unvisited transporter.
Things that are here:
a +0 short sword; a kobold skeleton You see here a jackal skeleton.
There is a stone staircase leading down here.
Memorise Freeze, consuming 1 spell level and leaving 9?
You start memorising the spell.
You continue memorising.
You finish memorising.
Spell assigned to 'b'.
You climb downwards.
The hobgoblin shouts!
You hear a shout!
Found a pair of gloves.
There is a stone staircase leading up here.
A centaur comes into view.
The centaur wields a +0 shortbow.
The centaur shoots an arrow.
The arrow closely misses you. The hobgoblin closely misses you.
You hit the hobgoblin. You burn the hobgoblin. You punch the hobgoblin.
The hobgoblin is almost dead.
The hobgoblin closely misses you.
You hit the hobgoblin. You burn the hobgoblin.
You kill the hobgoblin!
The centaur shoots an arrow.
The arrow closely misses you.
The centaur shoots an arrow.
The arrow hits you!
Casting: Scorch (safe; 4% risk of failure)
Confirm with . or Enter, or press ? or * to list all spells.
You don't know that spell.
The centaur shoots an arrow.
The arrow hits you.
There is a stone staircase leading up here.
The centaur shoots an arrow.
The arrow hits you!
The centaur shoots an arrow.
The arrow hits you!
The centaur shoots an arrow.
The arrow hits you!
* * * LOW HITPOINT WARNING * * *
The centaur shoots an arrow.
The arrow hits you!
You die...

#...#..
#..#.. ### .
+.....#..# ..
#....#...#...
##......#.#..
#.....[#...#.
#....†....c..
#<@.......#
#.#..######
#.##.# #.. .#
### ##


You could see a centaur.

Vanquished Creatures
  Sigmund (D:2)
  Jessica (D:3)
  Ijyb (D:3)
  Terence (D:3)
  3 adders
  2 dart slugs (D:2)
  4 orcs (D:3)
  2 bats
  6 endoplasms
  6 giant cockroaches
  8 goblins
  7 hobgoblins
  6 jackals (D:3)
  6 quokkas
  8 ball pythons
  5 frilled lizards
  8 kobolds
  2 rats (D:1)
77 creatures vanquished.

Vanquished Creatures (others)
  39 foxfires
  3 fungi (D:1)
42 creatures vanquished.

Grand Total: 119 creatures vanquished

Notes
Turn   | Place    | Note
-------+----------+-------------------------------------------
     0 | D:1      | unlimited1921 the Gnoll Cinder Acolyte began the quest for
                  | the Orb.
     0 | D:1      | Reached XP level 1. HP: 23/23 MP: 4/4
   169 | D:1      | Reached XP level 2. HP: 29/29 MP: 5/5
   423 | D:1      | Reached XP level 3. HP: 35/35 MP: 7/7
   917 | D:1      | Reached skill level 1 in Invocations
  1047 | D:2      | Noticed a golden eye
  1054 | D:2      | Found a faded altar of an unknown god.
  1055 | D:2      | Noticed an eye of devastation
  1055 | D:2      | Noticed a great orb of eyes
  1055 | D:2      | Noticed a golden eye
  1063 | D:2      | Reached skill level 1 in Short Blades
  1063 | D:2      | Reached skill level 1 in Long Blades
  1063 | D:2      | Reached skill level 1 in Maces & Flails
  1063 | D:2      | Reached skill level 1 in Polearms
  1063 | D:2      | Reached skill level 1 in Staves
  1063 | D:2      | Reached skill level 1 in Slings
  1063 | D:2      | Reached skill level 1 in Bows
  1063 | D:2      | Reached skill level 1 in Crossbows
  1063 | D:2      | Reached skill level 1 in Throwing
  1063 | D:2      | Reached skill level 1 in Armour
  1063 | D:2      | Reached skill level 1 in Dodging
  1063 | D:2      | Reached skill level 1 in Stealth
  1063 | D:2      | Reached skill level 1 in Shields
  1063 | D:2      | Reached skill level 1 in Unarmed Combat
  1063 | D:2      | Reached skill level 1 in Evocations
  1162 | D:2      | Reached XP level 4. HP: 41/41 MP: 8/8
  1183 | D:2      | Noticed Sigmund
  1190 | D:2      | Killed Sigmund
  1191 | D:2      | Reached skill level 1 in Conjurations
  1191 | D:2      | Reached skill level 1 in Hexes
  1191 | D:2      | Reached skill level 1 in Summonings
  1191 | D:2      | Reached skill level 1 in Necromancy
  1191 | D:2      | Reached skill level 1 in Translocations
  1191 | D:2      | Reached skill level 1 in Transmutations
  1191 | D:2      | Reached skill level 1 in Ice Magic
  1191 | D:2      | Reached skill level 1 in Air Magic
  1191 | D:2      | Reached skill level 1 in Earth Magic
  1191 | D:2      | Reached skill level 1 in Poison Magic
  1191 | D:2      | Reached XP level 5. HP: 47/47 MP: 9/9
  1345 | D:2      | Reached XP level 6. HP: 48/53 MP: 10/10
  1360 | D:2      | Learned a level 2 spell: Scorch
  1655 | D:3      | Noticed Jessica
  1662 | D:3      | Killed Jessica
  1720 | D:3      | Noticed Terence
  1727 | D:3      | Killed Terence
  1997 | D:3      | Found a transporter.
  2007 | D:3      | Noticed dolemite99's ghost (amateur GnEE)
  2040 | D:3      | Found a transporter.
  2408 | D:3      | Noticed Ijyb
  2422 | D:3      | Killed Ijyb
  2566 | D:3      | Learned a level 1 spell: Freeze
  2574 | D:4      | Shot with an arrow by a centaur

Illustrated notes

Levels and vault maps discovered:
D:1:      ncdulo_halloftheorcs, layout_basic, minmay_shallow_snake_nest
D:2:      layout_basic, hellmonk_ecumenical_altar_watching_god,
          serial_bayou_pond_e, minmay_misc_feat_five, uniq_sigmund
D:3:      layout_basic, gammafunk_ghost_stat_death, serial_corexii_hall,
          corexii_hall_statues_x, corexii_hall_statues_deadend, uniq_jessica,
          uniq_terence, uniq_ijyb
D:4:      layout_basic, mainiacjoe_overflow_cross_hatched,
          minmay_splitting_lines, uniq_blork_the_orc

Skill      XL: |  1  2  3  4  5  6 |
---------------+-------------------+-----
Invocations    | 1 2 |  2.2
Short Blades   | 1 2 |  2.0
Long Blades    | 1 2 |  2.0
Maces & Flails | 1 2 |  2.0
Polearms       | 1 2 |  2.0
Staves         | 1 2 |  2.0
Slings         | 1 2 |  2.0
Bows           | 1 2 |  2.0
Crossbows      | 1 2 |  2.0
Throwing       | 1 2 |  2.0
Armour         | 1 2 |  2.0
Dodging        | 1 2 |  2.0
Stealth        | 1 2 |  2.0
Shields        | 1 2 |  2.0
Unarmed Combat | 1 2 |  2.0
Evocations     | 1 2 |  2.0
Spellcasting   | 3 |  3.5
Conjurations   | 1 |  1.6
Hexes          | 1 |  1.6
Summonings     | 1 |  1.6
Necromancy     | 1 |  1.6
Translocations | 1 |  1.6
Transmutations | 1 |  1.6
Ice Magic      | 1 |  1.6
Air Magic      | 1 |  1.6
Earth Magic    | 1 |  1.6
Poison Magic   | 1 |  1.6
Fighting       | |  6.8
Axes           | |  6.8
Fire Magic     | |  5.7

Action                   |  1- 3 |  4- 6 || total
-------------------------+-------+-------++-------
Melee: Hand axe          |    83 |    81 ||   164
       Bite              |    11 |     8 ||    19
       Punch             |     2 |     2 ||     4
Throw: Javelin           |       |     3 ||     3
       Boomerang         |       |     2 ||     2
 Cast: Scorch            |       |    22 ||    22
Invok: Fiery Armour      |     5 |     2 ||     7
       Foxfire Swarm     |     1 |     1 ||     2
Armor: Robe              |     7 |       ||     7
       Leather armour    |    21 |    36 ||    57
Dodge: Dodged            |    52 |    59 ||   111
